 Dungeon Crawl Stone Soup version 0.31.0-11-ge490571c62 (webtiles) character file.

Game seed: 16072577356822038316

109 qw the Skirmisher (level 4, 0/25 HPs)
             Began as a Deep Elf Hunter on Feb 5, 2024.
             Slain by an orc
             ... wielding a +1 mace of holy wrath
              (3 damage)
             ... on level 3 of the Dungeon.
             The game lasted 00:01:24 (1513 turns).

qw the Skirmisher (Deep Elf Hunter)                 Turns: 1513, Time: 00:01:24

Health: 0/25       AC:  5    Str: 10    XL:     4   Next: 59%
Magic:  6/6        EV: 11    Int: 14    God:
Gold:   138        SH:  0    Dex: 18    Spells: 3/3 levels left

rFire   . . .        a - +0 shortbow
rCold   . . .        (shield currently unavailable)
rNeg    . . .        h - +0 ring mail
rPois   .            (no helmet)
rElec   .            (no cloak)
rCorr   .            (no gloves)
SInv    .            (no boots)
Will    .....        (no amulet)
Stlth   +            (no ring)
HPRegen 0.24/turn    (no ring)
MPRegen 0.10/turn

%: no passive effects
@: about to teleport
A: no striking features
a: no special abilities


You were on level 3 of the Dungeon.
You visited 1 branch of the dungeon, and saw 3 of its levels.

You collected 138 gold pieces.


   Skills:
 - Level 1.5 Fighting
 + Level 8.0 Ranged Weapons
 - Level 2.4 Dodging
 - Level 1.2 Stealth


You had 3 spell levels left.
You didn't know any spells.
Your spell library was empty.

Inventory:

Hand Weapons
 a - a +0 shortbow (weapon)
Armour
 h - a +0 ring mail (worn)
Scrolls
 c - a scroll of teleportation
Potions
 e - a potion of curing
 f - a potion of lignification {unknown}

Dungeon Overview and Level Annotations

Branches:
Dungeon (3/15)

Altars:


Message History

You shoot an arrow. The arrow barely misses the orc.
The orc hits you from afar with a +0 trident!
The orc wizard mumbles some strange words.
The orc wizard flickers and vanishes!
Deactivating autopickup; reactivate with Ctrl-A.
The dart slug briefly extends its eye-stalks.
You shoot an arrow. The arrow hits the dart slug.
The dart slug is lightly wounded.
The orc hits you but does no damage.
The orc throws a stone.
The stone barely misses you.
You shoot an arrow. The arrow hits the dart slug!
You kill the dart slug!
An orc comes into view. It is wielding a +1 mace of holy wrath.
The orc barely misses you.
Your Ranged Weapons skill increases to level 8!
You shoot an arrow. The arrow barely misses the orc.
The orc hits you from afar with a +0 trident.
You shoot an arrow. The arrow barely misses the orc.
The arrow hits the orc but does no damage.
The orc hits you from afar with a +0 trident.
The orc hits you but does no damage. The orc closely misses you.
You shoot an arrow. The arrow hits the orc.
The orc is severely wounded.
You hear some strange, mumbled words.
Something tries to affect you, but you resist.
The orc barely misses you.
You shoot an arrow. The arrow completely misses the orc.
The orc barely misses you. The orc completely misses you.
You shoot an arrow. The arrow barely misses the orc.
The orc misses you. The orc hits you but does no damage.
Something hits you but does no damage.
You shoot an arrow. The arrow hits the orc.
You kill the orc!
Something hits you. The orc barely misses you.
1513 ||| READING 2 scrolls of teleportation.
As you read the scroll of teleportation, it crumbles to dust.
You feel strangely unstable. Something hits you.
The orc hits you with a +1 mace of holy wrath.
You die...

####### #.....#
#############.....#
..................#
#############.....#
# #.....###
#..o@)%.#
#...........
#.o..%##....
#....... ...
#....... ..
#........
#.........
.##........ ##


You could see 2 orcs.

Vanquished Creatures
  Jessica (D:2)
  A hound skeleton (D:3)
  4 dart slugs
  A ribbon worm (D:2)
  An orc (D:3)
  4 bats
  4 endoplasms
  4 giant cockroaches
  6 goblins
  3 hobgoblins
  8 kobolds
  5 quokkas
  5 ball pythons
  A ball python skeleton (D:3)
  A ball python zombie (D:3)
  4 frilled lizards
  5 rats
58 creatures vanquished.

Notes
Turn   | Place    | Note
-------+----------+-------------------------------------------
     0 | D:1      | qw the Deep Elf Hunter began the quest for the Orb.
     0 | D:1      | Reached XP level 1. HP: 12/12 MP: 3/3
     0 | D:1      | 0 ||| qw: Version: 0.3-a-160-g6735b56
     0 | D:1      | 0 ||| qw: Game counter: 6527
     0 | D:1      | 0 ||| qw: Melee chars always use a shield: true
     0 | D:1      | 0 ||| qw: God list: Okawaru
     0 | D:1      | 0 ||| qw: Allow faded altars: false
     0 | D:1      | 0 ||| qw: Do Orc after clearing Dungeon:15 true
     0 | D:1      | 0 ||| qw: Do second Lair branch before Depths: true
     0 | D:1      | 0 ||| qw: Lair rune preference: random
     0 | D:1      | 0 ||| qw: Goals: Normal
     0 | D:1      | 0 ||| PLANNING D:1-11
    64 | D:1      | Reached XP level 2. HP: 13/16 MP: 4/4
   112 | D:1      | Reached skill level 6 in Ranged Weapons
   728 | D:1      | 728 ||| UPGRADING to +0 ring mail.
   738 | D:1      | 738 ||| DROPPING +0 leather armour.
   739 | D:1      | 739 ||| DROPPING +6 ring of intelligence.
   740 | D:1      | 740 ||| READING 2 scrolls labelled JINAN IKKA.
   741 | D:1      | 741 ||| READING scroll labelled NESUES HACVEA.
   745 | D:1      | 745 ||| DRINKING 2 inky potions.
   746 | D:1      | 746 ||| DRINKING 2 fizzy emerald potions.
   747 | D:1      | 747 ||| DROPPING scroll of butterflies.
   748 | D:1      | 748 ||| DROPPING scroll of blinking.
   749 | D:1      | 749 ||| DROPPING potion of brilliance.
   750 | D:1      | 750 ||| DROPPING potion of magic.
   854 | D:2      | Reached XP level 3. HP: 20/20 MP: 5/5
   988 | D:2      | Noticed Jessica
   991 | D:2      | Killed Jessica
   992 | D:2      | Reached skill level 7 in Ranged Weapons
  1121 | D:2      | Reached XP level 4. HP: 25/25 MP: 6/6
  1325 | D:2      | 1325 ||| READING scroll labelled XAMEISHUENG.
  1326 | D:2      | 1326 ||| READING scroll labelled ZILEUP DUANIR.
  1326 | D:2      | 1326 ||| IDENTIFYING sapphire potion
  1327 | D:2      | 1327 ||| DRINKING 2 viscous blue potions.
  1328 | D:2      | 1328 ||| DROPPING potion of attraction.
  1382 | D:3      | 1382 ||| FLEEEEING.
  1383 | D:3      | 1383 ||| FLEEEEING.
  1384 | D:3      | 1384 ||| FLEEEEING.
  1385 | D:3      | 1385 ||| FLEEEEING.
  1386 | D:3      | 1386 ||| FLEEEEING.
  1507 | D:3      | Reached skill level 8 in Ranged Weapons
  1512 | D:3      | HP: 6/25 [something (2)]
  1513 | D:3      | 1513 ||| READING 2 scrolls of teleportation.
  1513 | D:3      | Slain by an orc

Levels and vault maps discovered:
D:1:      erik_arrival_orb_chamber, layout_basic, minmay_domino_2
D:2:      layout_basic, uniq_jessica
D:3:      layout_rooms, serial_undead, serial_undead_e, serial_undead_a,
          serial_undead_e, serial_undead_b, serial_undead_c, serial_undead_e,
          serial_undead_d, serial_undead_f, serial_undead_a, serial_undead_a

Skill      XL: |  1  2  3  4 |
---------------+-------------+-----
Ranged Weapons | 6 7 8 |  8.0
Fighting       | |  1.5
Dodging        | |  2.4
Stealth        | |  1.2

Action                     |  1- 3 |  4- 6 || total
---------------------------+-------+-------++-------
   Fire: Shortbow          |    80 |    71 ||   151
    Use: Scroll            |     2 |     3 ||     5
         Potion            |     2 |     1 ||     3
 Armour: Leather armour    |     5 |       ||     5
         Ring mail         |     5 |    18 ||    23
  Dodge: Dodged            |    14 |    18 ||    32

Table legend:
 A = Non-vault XP
 B = Vault XP
 C = Vault XP percentage of total XP
 D = Non-vault monster count
 E = Vault monster count
 F = Vault count percentage of total count
                 A         B        C        D         E       F
            +---------+---------+-------+---------+---------+-------
      Total |      99 |      57 |  36.5 |      54 |       4 |   6.9
            +---------+---------+-------+---------+---------+-------
        D:1 |      31 |       0 |   0.0 |      18 |       0 |   0.0
        D:2 |      43 |      37 |  46.2 |      22 |       1 |   4.3
        D:3 |      25 |      20 |  44.4 |      14 |       3 |  17.6
            +---------+---------+-------+---------+---------+-------
